 Dungeon Crawl Stone Soup version 0.27-a0-1245-g940ed4fa31 (webtiles) character file.

Game seed: 9121424296379978525

102 iamoutofideas the Firebug (level 4, 0/24 HPs)
             Began as a Deep Elf Fire Elementalist on June 9, 2021.
             Slain by a kobold
             ... wielding a +0 dagger
              (3 damage)
             ... in a sewer.
             The game lasted 00:05:51 (3256 turns).

iamoutofideas the Firebug (DEFE)                    Turns: 3256, Time: 00:05:53

Health: 0/24       AC:  2    Str:  5    XL:     4   Next: 49%
Magic:  7/12       EV: 12    Int: 21    God:
Gold:   125        SH:  0    Dex: 15    Spells: 2/11 levels left

rFire    . . .     SeeInvis .   (no weapon)
rCold    . . .     Faith    .   (no shield)
rNeg     . . .     Spirit   .   a - +0 robe
rPois    .         Reflect  .   (no helmet)
rElec    .         Harm     .   (no cloak)
rCorr    .         Rampage  .   (no gloves)
Will     .....                  (no boots)
Stlth    ++........             (no amulet)
HPRegen  0.08/turn              (no ring)
MPRegen  0.13/turn              (no ring)

@: brilliant, lethally poisoned (0 -> -1)
A: no striking features
a: no special abilities


You were in a sewer.
You visited 1 branch of the dungeon, and saw 4 of its levels.
You also visited: Sewer.

You collected 125 gold pieces.

Inventory:

Hand Weapons
 g - a +2 dagger of freezing
Armour
 a - a +0 robe (worn)
Jewellery
 b - an amulet of guardian spirit
Wands
 k - a wand of flame (11)
Scrolls
 c - a scroll of summoning {unknown}
Potions
 d - 2 potions of cancellation
 e - 2 potions of brilliance
 f - a potion of curing {unknown}
 h - a potion of heal wounds {unknown}
 i - 2 potions of flight {unknown}
 j - a potion of resistance {unknown}


   Skills:
 - Level 2.4 Dodging
 - Level 2.8 Stealth
 + Level 4.2 Spellcasting
 + Level 2.1 Conjurations
 + Level 4.7 Fire Magic


You had 2 spell levels left.
You knew the following spells:

 Your Spells              Type           Power      Damage    Failure   Level
a - Foxfire               Conj/Fire      100%       2x1d9     2%          1
b - Magic Dart            Conj           80%        1d7       4%          1
c - Conjure Flame         Conj/Fire      28%        6-21      9%          3
d - Sticky Flame          Conj/Fire      28%        2d5       28%         4

Your spell library contained the following spells:

 Spells                   Type           Power      Damage    Failure   Level
 Searing Ray              Conj           40%        3d4       8%          2
 Animate Skeleton         Necr           12%        N/A       12%         1
 Apportation              Tloc           12%        N/A       12%         1
 Beastly Appendage        Tmut           12%        N/A       12%         1
 Corona                   Hex            6%         N/A       12%         1
 Summon Small Mammal      Summ           24%        N/A       12%         1
 Wereblood                Tmut           6%         N/A       19%         2
 Inner Flame              Hex/Fire       21%        N/A       14%         3
 Dazzling Flash           Conj/Hex       26%        N/A       22%         3
 Spider Form              Tmut/Pois      3%         N/A       34%         3
 Fulminant Prism          Conj/Hex       6%         3d7       58%         4
 Iskenderun's Mystic Bla  Conj/Tloc      13%        2d5       58%         4
 Fireball                 Conj/Fire      14%        3d8       61%         5
 Ice Form                 Ice/Tmut       6%         N/A       75%         4


Dungeon Overview and Level Annotations

Branches:
Dungeon (4/15)              Sewer (1/1)
 Temple: D:4-7

Altars:
Xom
Zin

Annotations:
D:3 exclusion: downstairs
D:4 Robin


Message History

The kobold throws a stone.
The stone hits you but does no damage.
Casting: Foxfire (safe; 2% risk of failure)
Confirm with . or Enter, or press ? or * to list all spells.
You conjure some foxfire!
You feel very sick.
The foxfire hits the kobold brigand!
The kobold brigand is moderately wounded.
Unknown command.
You feel sick.
The foxfire hits the kobold brigand.
The kobold brigand is heavily wounded.
The foxfire hits the kobold brigand.
The kobold brigand is heavily wounded.
Casting: Foxfire (safe; 2% risk of failure)
Confirm with . or Enter, or press ? or * to list all spells.
You conjure some foxfire!
You feel sick.
A nearby plant withers and dies.
You feel sick.
The foxfire hits the kobold brigand.
The kobold brigand is severely wounded.
The foxfire hits the kobold brigand.
The kobold brigand is severely wounded.
Casting: Foxfire (safe; 2% risk of failure)
Confirm with . or Enter, or press ? or * to list all spells.
You conjure some foxfire!
You feel sick. The kobold brigand barely misses you.
You feel sick.
The foxfire hits the kobold brigand.
The kobold brigand is severely wounded.
The foxfire hits the kobold brigand.
The kobold brigand is almost dead.
Casting: Foxfire (safe; 2% risk of failure)
Confirm with . or Enter, or press ? or * to list all spells.
You conjure some foxfire!
You feel sick.
The kobold brigand hits you with a +0 dagger.
* * * LOW HITPOINT WARNING * * *
Unknown command.
It was a potion of brilliance.
You feel clever all of a sudden.
You feel sick.
The foxfire hits the kobold brigand.
The kobold brigand is almost dead.
The foxfire hits the kobold brigand.
The kobold brigand is almost dead.
The kobold hits you with a +0 dagger.
You die...

....P≈P≈≈P≈≈≈...P≈≈≈
#################≈≈≈##########
#≈≈≈≈≈≈≈≈≈≈≈≈≈≈≈≈≈≈≈≈≈≈≈≈ ≈≈
#≈≈≈≈≈≈≈≈≈≈≈≈≈≈≈≈≈≈≈≈≈≈≈≈ ≈≈≈≈
#≈≈≈≈≈≈≈≈≈≈≈≈≈≈≈≈≈≈≈≈≈≈≈≈≈≈≈≈≈
###'########≈≈############≈#≈#
#...#...!#.P≈≈≈≈........P≈≈P≈≈
#.∩.#!∩..'P.≈P≈≈.........≈≈≈P≈
#.∩.#..!.'..K@§...........P.≈.
#####....#..K.§...............
#### ###.......†..........
#.##.....####...... ##########
##..... ##.... ####. ##


You could see a kobold brigand and a kobold.

Vanquished Creatures
  An adder (D:3)
  2 worms (D:4)
  2 dart slugs (D:2)
  2 orcs (D:3)
  4 ball pythons
  8 bats
  9 endoplasms
  6 giant cockroaches
  12 goblins
  7 hobgoblins
  6 kobolds
  A quokka (D:1)
  6 frilled lizards
  8 rats
74 creatures vanquished.

Vanquished Creatures (collateral kills)
  6 foxfires (Sewer)
6 creatures vanquished.

Vanquished Creatures (others)
  197 foxfires
  3 plants (Sewer)
200 creatures vanquished.

Grand Total: 280 creatures vanquished

Notes
Turn   | Place    | Note
-------+----------+-------------------------------------------
     0 | D:1      | iamoutofideas the Deep Elf Fire Elementalist began the
                  | quest for the Orb.
     0 | D:1      | Reached XP level 1. HP: 10/10 MP: 6/6
   357 | D:1      | Reached XP level 2. HP: 15/15 MP: 5/8
   985 | D:2      | Reached XP level 3. HP: 19/19 MP: 7/9
  1072 | D:2      | Learned a level 1 spell: Magic Dart
  1076 | D:2      | Learned a level 3 spell: Conjure Flame
  1681 | D:3      | Found a glowing silver altar of Zin.
  2273 | D:3      | Found a shimmering altar of Xom.
  2666 | D:4      | Noticed Robin
  2671 | D:4      | Reached XP level 4. HP: 22/24 MP: 7/11
  2862 | D:4      | Found a glowing drain.
  2921 | Sewer    | Entered a sewer
  2967 | Sewer    | Learned a level 4 spell: Sticky Flame
  3246 | Sewer    | Noticed a kobold brigand
  3256 | Sewer    | Slain by a kobold

Illustrated notes

Levels and vault maps discovered:
D:1:      saegor_arrival_simple_c, layout_rooms
D:2:      layout_rooms
D:3:      layout_basic, old_standard_altar, xom_butterflies
D:4:      layout_basic, minmay_temple_entry_ruins, cheibrodos_sewer_entry_drain,
          uniq_robin
Sewer:    kennysheep_pipe_town

Skill      XL: |  1  2  3  4 |
---------------+-------------+-----
Fire Magic     | 4 |  4.7
Spellcasting   | 4 |  4.2
Conjurations   | 2 |  2.1
Dodging        | |  2.4
Stealth        | |  2.8

Action                   |  1- 3 |  4- 6 || total
-------------------------+-------+-------++-------
 Cast: Foxfire           |    78 |    41 ||   119
  Use: Scroll            |     4 |       ||     4
       Potion            |       |     1 ||     1
Armor: Robe              |     7 |     4 ||    11
Dodge: Dodged            |    16 |     9 ||    25

Table legend: (Time is in decaauts)
 A = Elapsed time spent in this place.
 B = Non-inter-level travel time spent in this place.
 C = Inter-level travel time spent in this place.
 D = Time resting spent in this place.
 E = Time spent auto-exploring this place.
 F = Levels seen in this place.
 G = Mean time per level.
                   A        B        C        D        E       F      G
               +--------+--------+--------+--------+--------+-----+--------+
         Total |   3282 |   3179 |    103 |    148 |   2445 |   5 |  656.4 |
       Dungeon |   2925 |   2822 |    103 |    108 |   2247 |   4 |  731.2 |
         Sewer |    357 |    357 |      0 |     40 |    198 |   1 |  357.0 |
               +--------+--------+--------+--------+--------+-----+--------+

Top non-repeatable levels by time:
     D:3: 1194 daAuts
     D:1: 928 daAuts
     D:2: 649 daAuts
   Sewer: 357 daAuts
     D:4: 153 daAuts
